 Dungeon Crawl Stone Soup version bcrawl-1.41.1 (webtiles) character file.

Game seed: 17462161511575120701

7816302 TheWayOfAllFlesh the Devastator (level 21, -26/173 HPs)
             Began as an Octopode Wizard on Apr 13, 2024.
             Was an Initiate of Gozag.
             Annihilated by a rockslime (40 damage)
             ... on level 2 of the Depths on Apr 16, 2024.
             The game lasted 03:43:09 (51799 turns).

TheWayOfAllFlesh the Devastator (Octopode Wizard)  Turns: 51799, Time: 03:43:10

Health: -26/173    AC: 11    Str:  7    XL:     21   Next: 19%
Magic:  2/50       EV: 17    Int: 32    God:    Gozag
Gold:   5447       SH: 10    Dex: 11    Spells: 11/52 levels left

rFire    + + .     GDR:     23% f - staff of conjuration
rCold    + + +     SeeInvis .   W - +2 buckler {rC+}
rNeg     + . .     Gourm    .   H - +2 hat
rPois    +         Faith    .   Y - scarf of Gravitas {rC+ rF+, rCorr}
rElec    +         Spirit   .   C - amulet of Vitality {Regen HP+25}
rCorr    +         Reflect  .   s - ring of protection from cold
MR       +++..                  y - +4 ring of protection
Stlth    ++++......             B - ring of poison resistance
HPRegen  0.44/turn              J - ring of magical power (curse)
MPRegen  0.32/turn              A - ring of protection from magic
                                U - ring of protection from magic
                                T - ring "Pozu" {rElec rF+ rN+ Int+3}
                                R - +4 ring of protection

@: no status effects
A: almost no armour, stealthy swim, resist paralysis, amphibious, 8 rings,
constrict 8, camouflage 1, gelatinous body 1
}: 2/15 runes: serpentine, barnacled
a: Potion Petition, Call Merchant, Bribe Branch, Renounce Religion


You were on level 2 of the Depths.
You worshipped Gozag.
Gozag was greatly pleased with you.
You were not hungry.

You visited 8 branches of the dungeon, and saw 32 of its levels.
You also visited: Gauntlet.

You collected 13643 gold pieces.
You spent 5338 gold pieces at shops.
You paid 2858 gold pieces to Gozag.

Inventory:

Hand Weapons
 b - the +0 flail "Locun" {crush, rElec rF++}
   (You found it on level 7 of the Dungeon)

   It will always inflict at least some extra damage.
   This minimum extra damage increases with your current reserve of magical
   power.
   It greatly protects you from fire.
   It insulates you from electricity.
Missiles
 S - 7 throwing nets {=f}
Armour
 H - a +2 hat (worn)
 W - a +2 buckler of cold resistance (worn)
 X - a +2 large shield
 Y - the scarf of Gravitas (worn) {rC+ rF+, rCorr}
   (You acquired it on level 12 of the Dungeon)

   It provides partial protection from all sources of acid and corrosion.
Magical Staves
 f - an uncursed staff of conjuration (weapon)
Jewellery
 s - a ring of protection from cold (left tentacle)
 y - a +4 ring of protection (right tentacle)
 A - a ring of protection from magic (on tentacle)
 B - a ring of poison resistance (on tentacle)
 C - the amulet of Vitality (around mantle) {Regen HP+25}
   (You bought it in a shop on level 1 of the Snake Pit)

   [amulet of regeneration]

   It affects your health (+25).
 J - a cursed ring of magical power (on tentacle)
 R - a +4 ring of protection (on tentacle)
 T - the ring "Pozu" (on tentacle) {rElec rF+ rN+ Int+3}
   (You bought it in a shop on level 11 of the Dungeon)

   [ring of protection from fire]

   It affects your intelligence (+3).
   It protects you from fire.
   It insulates you from electricity.
   It protects you from negative energy.
 U - a ring of protection from magic (on tentacle)
Wands
 D - a wand of charming (29)
 F - a wand of iceblast (40)
 V - a wand of digging (5)
Scrolls
 c - 18 scrolls of remove curse
 g - 14 scrolls of teleportation
 k - 4 scrolls of blinking
 m - 4 scrolls of fear
 o - 4 scrolls of amnesia
 q - 7 scrolls of enchant armour
 t - 2 scrolls of vulnerability
 z - 4 scrolls of immolation
 M - 3 scrolls of revelation
 Q - a scroll of noise
 Z - a scroll of summoning
Potions
 a - 3 potions of magic
 d - 6 potions of brilliance
 h - 3 potions of invisibility
 i - 2 potions of flight
 j - 2 potions of heal wounds
 l - 4 potions of might
 n - 11 potions of curing
 p - 5 potions of mutation
 r - 5 potions of agility
 v - 2 potions of ambrosia
 w - 4 potions of cancellation
 E - 5 potions of lignification
 G - 6 potions of resistance
 L - 3 potions of haste
Miscellaneous
 u - a phantom mirror
 x - a phial of floods
 N - a box of beasts
 O - a fan of gales (2/2)
 P - a lightning rod (2/4)
Comestibles
 e - 6 rations {!d}


   Skills:
 - Level 14.0 Fighting
 - Level 10.3 Dodging
 - Level 3.0 Stealth
 - Level 14.0 Shields
 - Level 16.0 Spellcasting
 - Level 17.0 Conjurations
 * Level 7.3 Hexes
 - Level 4.0 Summonings
 - Level 4.0 Translocations
 * Level 10.9 Fire Magic
 - Level 10.0 Ice Magic
 - Level 10.1 Air Magic
 - Level 4.0 Poison Magic
 - Level 4.0 Evocations


You had 11 spell levels left.
You knew the following spells:

 Your Spells              Type           Power        Failure   Level  Hunger
a - Stone Arrow           Conj/Erth      ######       1%          3    None
b - Mephitic Cloud        Conj/Pois/Air  #######.     1%          3    None
c - Conjure Flame         Conj/Fire      ########     1%          3    None
d - Freezing Cloud        Ice/Air        ######..     1%          5    None
e - Conjure Ball Lightni  Conj/Air       ########..   1%          6    None
f - Magic Dart            Conj           ####         0%          1    None
g - Ignition              Hex/Fire       ######....   98%         8    ######.
i - Blink                 Tloc           N/A          1%          2    None
o - Orb of Destruction    Conj           ########..   1%          7    None
z - Call Imp              Summ           ######       1%          2    None
B - Summon Butterflies    Summ           ######..     1%          1    None

Your spell library contained the following spells:

 Spells                   Type           Power        Failure   Level  Hunger
 Flame Tongue             Conj/Fire      #####        0%          1    None
 Shock                    Conj/Air       #######      0%          2    None
 Static Discharge         Air            ######       1%          1    None
 Sting                    Conj/Pois      ####         1%          1    None
 Summon Small Mammal      Summ           ####         1%          1    None
 Poisonous Vapours        Pois/Air       ######       1%          2    None
 Swiftness                Chrm/Air       ######..     1%          2    None
 Call Canine Familiar     Summ           ######..     1%          3    None
 False Image              Hex/Summ       ######..     1%          3    None
 Ignite Poison            Fire/Tmut/Pois ######..     1%          3    None
 Fulminant Prism          Conj/Hex       ########..   1%          4    None
 Lightning Bolt           Conj/Air       ########     1%          4    None
 Summon Ice Beast         Ice/Summ       ######..     1%          4    None
 Iskenderun's Battlesphe  Conj/Chrm      #######.     1%          5    None
 Venom Bolt               Conj/Pois      #######...   1%          5    None
 Sandblast                Erth           ####..       2%          1    None
 Corpse Rot               Necr           N/A          3%          2    None
 Passwall                 Tmut/Erth      ####....     3%          2    None
 Spider Form              Tmut/Pois      ###          3%          3    None
 Summon Lightning Spire   Summ/Air       ######..     3%          5    None
 Olgreb's Toxic Radiance  Pois           ######...    4%          4    None
 Summon Scorpions         Summ/Pois      ######..     4%          4    None
 Poison Arrow             Conj/Pois      #######...   4%          6    None
 Steam Barrier            Chrm/Fire      ######....   7%          5    None
 Passage of Golubria      Tloc           N/A          13%         5    None
 Darkness                 Hex            ######....   19%         6    ##.....
 Invisibility             Hex            ######..     19%         6    ##.....
 Petrify                  Tmut/Erth      ####......   24%         4    None
 Spellforged Servitor     Conj/Summ      #######...   26%         7    None
 Simulacrum               Ice/Necr       ######..     43%         6    ##.....
 Dispel Undead            Necr           ####....     54%         5    None
 Lee's Rapid Deconstruct  Erth           ####......   54%         5    None
 Piercing Shot            Chrm           ####......   54%         5    None
 Aura of Abjuration       Summ           ######....   56%         6    ##.....
 Summon Hydra             Summ           ######....   56%         6    ##.....
 Time Stop                Chrm/Tloc      N/A          100%        8    ######.


Dungeon Overview and Level Annotations

Branches:
Dungeon (12/12)            Temple (1/1) D:7            Lair (6/6) D:8
 Shoals (3/3) Lair:4        Snake (3/3) Lair:4        Slime (0/5) Orc
    Orc (1/1) D:8             Elf (0/3) Lair:6       Vaults (3/3) D:11
  Crypt (0/2) Vaults:2     Depths (3/5) D:12

Altars:
Ashenzari
Cheibriados
Dithmenos
Elyvilon
Fedhas
Gozag
Hepliaklqana
Kikubaaqudgha
Lugonu
Makhleb
Nemelex Xobeh
Okawaru
Qazlal
Ru
Sif Muna
Trog
Uskayaw
Vehumet
Wu Jian
Xom
Yredelemnul
Zin
The Shining One
Jiyva

Shops:
D:5 !   D:8 [   D:11 =   D:12 %   Orc [=:!   Lair:5 *   Snake:1 [?=}
Vaults:1 *   Depths:1 }=}

Portals:
Hell: Depths:1 Depths:2 Depths:3
Pandemonium: Depths:1
Ziggurat: Depths:2

Annotations:
D:2 exclusion: sky beast
D:3 Grinder, Terence Orc 1 runed door


Innate Abilities, Weirdness & Mutations

You cannot wear most types of armour.
You are very stealthy in the water. (Stealth+)
Your unusual nervous system resists paralysis.
You are amphibious.
You can wear up to eight rings at the same time.
You can use your tentacles to constrict eight enemies at once.
Your skin changes colour to match your surroundings (Stealth+).
Your rubbery body absorbs attacks. (AC +1, EV +1)


Message History

Aiming: Thunderbolt
Press: ? - help, Shift-Dir - straight line, f/p - rockslime
Aim: a rockslime (severely damaged, covered in acid)
The thunderbolt hits the rockslime.
The rockslime resists.
The rockslime is severely damaged.
The rockslime hits you.
* * * LOW HITPOINT WARNING * * *
You hold your ground!
Evoke which item? (* to show all) (? for menu, Esc to quit)
Aiming: Thunderbolt
Press: ? - help, Shift-Dir - straight line, f/p - rockslime
Aim: a rockslime (severely damaged, covered in acid)
The thunderbolt hits the rockslime but does no damage.
The rockslime is severely damaged.
The rockslime is no longer covered in acid.
The rockslime hits you!!
* * * LOW HITPOINT WARNING * * *
You hold your ground!
The rockslime hits you!!!
You die...
Your body crumbles into a pile of gold.

#...###.$.## #......###.
#...# ##)..## #.......#..
#...# ##$$.###........♣≈ ..#
...# ##...##........≈. .J.
..# ##.$.#........≈≈ ### ##
##...........≈≈
#########.#####(....≈≈≈..♣≈
#...[....≈≈≈.........≈≈..).
##.....≈≈≈@≈.............[≈
###.....≈≈J≈≈....).(....#.≈≈
#.........≈........*...##.≈≈
##..#..≈≈........≈≈


You could see a rockslime.

Vanquished Creatures
  Saint Roka (Depths:2)
  A rockslime (Depths:2)
  A lich (Vaults:2)
  A sphinx (Depths:1)
  Kirke (D:11)
  7 nagarajas
  2 fire giants
  3 frost giants
  3 vault wardens (Vaults:2)
  An orc warlord (Vaults:2)
  7 stone giants
  5 ironheart preservers
  3 vampire knights
  8 very ugly things
  Nessos (D:12)
  An entropy weaver (Vaults:2)
  8 dire elephants
  A minotaur (Gauntlet)
  Snorg (Orc)
  A deep elf death mage (Vaults:2)
  4 merfolk javelineers
  10 ettins
  A green death (Depths:3)
  Azrael (D:8)
  6 fire dragons
  6 merfolk impalers
  Josephine (Lair:6)
  The ghost of KristoblXynda the Carver, a journeyman DrGl of Okawaru (D:11)
  4 hydras
  6 yaktaur captains
  An ice dragon (shapeshifter) (Vaults:1)
  9 vault guards
  5 rakshasas
  5 ice dragons
  2 merfolk avatars
  A spriggan air mage (Depths:1)
  An alligator snapping turtle (Shoals:3)
  6 naga warriors
  17 anacondas
  12 two-headed ogres
  A great orb of eyes (Vaults:2)
  A catoblepas (Lair:6)
  2 death knights
  4 death yaks (Lair:6)
  3 deep troll shamans
  5 merfolk aquamancers
  13 sea snakes
  Sonja (Lair:4)
  2 tengu warriors
  2 satyrs (Shoals:3)
  A vampire mage (Vaults:2)
  A death ooze (Gauntlet)
  3 deep troll earth magi
  4 ogre magi
  16 naga sharpshooters
  3 ironheart beastmasters
  3 orc high priests (Orc)
  A goliath frog (Lair:6)
  8 shock serpents
  2 soul eaters
  5 salamander mystics (Snake:3)
  Nergalle (Lair:3)
  14 deep trolls
  10 centaur warriors
  6 naga ritualists
  An unseen horror (D:12)
  6 wizards
  3 deep elf archers (D:11)
  3 flayed ghosts
  2 cyclopes
  A frost giant zombie (Vaults:2)
  3 glowing orange brains
  8 harpies
  5 ironheart convokers
  A wolf spider zombie (D:12)
  An oklob plant (Lair:6)
  A wolf spider (D:11)
  2 phantasmal warriors
  4 lindwurms
  6 orc sorcerers
  9 mana vipers
  A lindwurm (shapeshifter) (Vaults:2)
  2 deep elf magi (D:12)
  An orb spider (shapeshifter) (Depths:1)
  A shining eye (shapeshifter) (Vaults:1)
  A salamander (shapeshifter) (Depths:3)
  5 human zombies (Vaults:2)
  3 necromancers
  5 orc knights
  20 naga magi
  12 manticores
  12 fauns
  11 ugly things
  A moth of wrath (Lair:4)
  14 elephants
  7 salamanders
  31 black mambas
  7 guardian serpents (Snake:3)
  A vault sentinel (Vaults:2)
  8 merfolk sirens
  4 water nymphs
  14 cane toads
  A spriggan zombie (Depths:1)
  8 komodo dragons
  2 rime drakes
  A minotaur zombie (Gauntlet)
  3 freezing wraiths (D:11)
  2 tengu conjurers
  A komodo dragon (shapeshifter) (Vaults:2)
  17 yaktaurs
  An eye of draining (D:11)
  A queen bee (shapeshifter) (D:12)
  A harpy zombie (D:12)
  3 polar bears (Lair:6)
  4 trolls
  5 large abominations (Depths:1)
  5 wind drakes
  4 hornets
  8 snapping turtles
  13 blink frogs
  A harpy skeleton (D:11)
  10 hippogriffs
  33 merfolk
  A shadow dragon simulacrum (Depths:1)
  33 slime creatures
  Grum (Lair:4)
  A deep troll zombie (Depths:1)
  Sigmund (D:4)
  A tarantella (Vaults:2)
  9 water elementals
  6 wraiths
  A black mamba skeleton (D:10)
  2 yaks (shapeshifter)
  2 basilisks
  3 hogs (D:11)
  48 yaks
  A vampire (D:11)
  A wyvern (Lair:2)
  4 fire elementals
  9 redbacks
  A hungry ghost (D:9)
  4 wargs
  27 nagas
  Edmund (D:4)
  8 crocodiles
  2 hell hounds (Orc)
  5 porcupines
  8 water moccasins
  3 deep troll skeletons
  3 sky beasts
  A soldier ant (D:12)
  17 orc warriors
  2 ettin simulacra (Vaults:2)
  A black bear (shapeshifter) (D:9)
  2 phantoms
  7 ogres
  14 boggarts
  15 wolves
  A blink frog skeleton (D:10)
  10 bullfrogs
  3 kobold brigands
  Blork the orc (D:5)
  6 centaurs
  5 scorpions
  5 killer bees
  7 wights
  3 electric eels
  A vampire bat (Lair:4)
  2 howler monkeys
  10 orc priests
  2 crimson imps
  A bullfrog zombie (D:6)
  A quasit (D:6)
  4 hounds
  A human simulacrum (Vaults:1)
  A bullfrog skeleton (D:5)
  3 iguanas
  A jelly (D:7)
  11 orc wizards
  15 worker ants
  5 hell rats (Lair:5)
  7 small abominations (Depths:1)
  A hound zombie (D:4)
  A hound skeleton (D:9)
  Robin (D:3)
  A gnoll (D:1)
  12 adders
  6 shadow imps
  An ooze (D:2)
  An adder zombie (D:6)
  2 adder skeletons
  4 worms
  A dart slug (D:2)
  3 leopard geckos
  54 orcs
  14 bats
  A giant cockroach (D:2)
  14 goblins
  10 hobgoblins
  3 jackals (D:4)
  3 quokkas
  3 frilled lizards
  21 kobolds
  4 rats
  A fire vortex (Depths:1)
  4 fungi
  14 plants
1140 creatures vanquished.

Vanquished Creatures (collateral kills)
  A naga mage (Snake:3)
  A black mamba (Snake:1)
  A hungry ghost (D:8)
  A naga (Snake:3)
  An ice beast (D:4)
  A necrophage (D:9)
  A wolf (Lair:4)
  A kobold brigand (D:9)
  A killer bee (D:10)
  An orc priest (D:6)
  A hound (D:6)
  A worker ant (D:6)
  An adder (D:3)
  3 orcs
  A hobgoblin (D:3)
  A frilled lizard (D:3)
  8 kobolds
  2 ball lightnings
28 creatures vanquished.

Vanquished Creatures (others)
  14 vault guards (Vaults:3)
  An anaconda (Snake:3)
  A dancing weapon (Vaults:2)
  2 humans (D:11)
  2 boggarts
  490 ball lightnings
  17 fungi
  24 plants
551 creatures vanquished.

Grand Total: 1719 creatures vanquished

Notes
Turn   | Place    | Note
-------+----------+-------------------------------------------
     0 | D:1      | TheWayOfAllFlesh the Octopode Wizard began the quest for
                  | the Orb.
     0 | D:1      | Reached XP level 1. HP: 11/11 MP: 4/4
   306 | D:1      | Reached XP level 2. HP: 17/17 MP: 0/6
   312 | D:1      | Reached skill level 2 in Conjurations
   663 | D:1      | Reached XP level 3. HP: 9/21 MP: 3/7
   928 | D:1      | Learned a level 2 spell: Blink
   932 | D:1      | Learned a level 3 spell: Mephitic Cloud
   935 | D:1      | Learned a level 2 spell: Call Imp
  1008 | D:2      | Noticed a sky beast
  1572 | D:2      | Reached skill level 3 in Conjurations
  1644 | D:2      | Reached XP level 4. HP: 20/27 MP: 1/9
  2089 | D:3      | Noticed Grinder
  2273 | D:3      | Noticed Robin
  2287 | D:2      | Reached XP level 5. HP: 30/31 MP: 2/10
  2755 | D:3      | Learned a level 3 spell: Conjure Flame
  2775 | D:3      | Killed Robin
  2937 | D:3      | Reached skill level 4 in Conjurations
  2937 | D:3      | Reached skill level 1 in Poison Magic
  3151 | D:3      | Noticed Terence
  3181 | D:3      | Reached skill level 1 in Air Magic
  3211 | D:3      | Reached XP level 6. HP: 36/36 MP: 7/11
  3288 | D:3      | Found a faded altar of an unknown god.
  3549 | D:4      | Noticed a phantom
  3619 | D:4      | Noticed Sigmund
  3627 | D:4      | Killed Sigmund
  3691 | D:4      | Reached XP level 7. HP: 32/41 MP: 3/13
  3903 | D:4      | Reached skill level 1 in Fire Magic
  4492 | D:4      | Noticed Edmund
  4501 | D:4      | Killed Edmund
  4766 | D:5      | Entered Level 5 of the Dungeon
  4854 | D:5      | Found Ynagg's Distillery.
  4862 | D:5      | Bought a potion of cancellation for 70 gold pieces
  4862 | D:5      | Bought a potion of curing for 35 gold pieces
  4862 | D:5      | Bought a potion of brilliance for 56 gold pieces
  4862 | D:5      | Bought a potion of agility for 56 gold pieces
  4928 | D:5      | Reached XP level 8. HP: 47/47 MP: 3/15
  5031 | D:5      | Noticed Blork the orc
  5037 | D:5      | Killed Blork the orc
  5038 | D:5      | Reached skill level 1 in Fighting
  5450 | D:5      | Reached skill level 5 in Spellcasting
  5793 | D:4      | Reached skill level 5 in Conjurations
  6208 | D:6      | Found a basalt altar of Yredelemnul.
  6394 | D:6      | Reached skill level 6 in Conjurations
  6667 | D:6      | Reached XP level 9. HP: 44/57 MP: 10/17
  7235 | D:6      | Reached skill level 7 in Conjurations
  8550 | D:7      | Got a twisted flail
  8682 | D:7      | Found a staircase to the Ecumenical Temple.
  8699 | Temple   | Entered the Ecumenical Temple
  8912 | Temple   | Became a worshipper of Gozag Ym Sagoz the Greedy
  9247 | D:8      | Noticed a hornet
  9315 | D:8      | Killed a hornet
  9316 | D:8      | Reached skill level 8 in Conjurations
  9333 | D:8      | Identified the cursed +0 flail "Locun" {crush, rElec rF++}
                  | (You found it on level 7 of the Dungeon)
  9372 | D:8      | Reached skill level 5 in Fighting
  9688 | D:8      | Noticed an elephant
  9808 | D:8      | Reached XP level 10. HP: 63/66 MP: 13/20
  9901 | D:8      | Identified the Almanac of Supportive Dark Secrets
  9905 | D:8      | Learned a level 1 spell: Summon Butterflies
  9930 | D:8      | Found a staircase to the Lair.
 10261 | D:8      | Found Ashrunn's Antique Armour Emporium.
 10271 | D:8      | Bought a transparent buckler for 247 gold pieces
 10334 | D:8      | Killed an elephant
 10335 | D:8      | Reached skill level 9 in Conjurations
 10483 | D:8      | Found a hazy altar of Hepliaklqana.
 10840 | D:9      | Identified the +0 buckler of Gravity {-Cast rPois rC-
                  | Int+8} (You bought it in a shop on level 8 of the Dungeon)
 11022 | D:9      | Reached skill level 10 in Conjurations
 11629 | D:9      | Found an iron altar of Okawaru.
 11698 | D:10     | Entered Level 10 of the Dungeon
 11709 | D:10     | Learned a level 7 spell: Orb of Destruction
 11883 | D:10     | Reached skill level 11 in Conjurations
 12029 | D:10     | Noticed a two-headed ogre
 12048 | D:10     | Killed a two-headed ogre
 12049 | D:10     | Reached XP level 11. HP: 74/74 MP: 3/22
 12372 | D:10     | Got a coiled ruby amulet
 12383 | D:10     | Identified the cursed amulet of Awe {Inacc *Slow MR- Dex+4
                  | SInv} (You found it on level 10 of the Dungeon)
 12431 | D:10     | Found a shadowy altar of Dithmenos.
 12714 | Lair:1   | Entered Level 1 of the Lair of Beasts
 12856 | Lair:1   | Reached skill level 5 in Air Magic
 12936 | Lair:1   | Learned a level 3 spell: Stone Arrow
 13084 | Lair:1   | Reached skill level 12 in Conjurations
 13084 | Lair:1   | Reached skill level 1 in Evocations
 14797 | Lair:2   | Got an ivory rapier
 14798 | Lair:2   | Identified the +6 rapier "Sevau" {protect, +Rage rN+++
                  | Str-4 Stlth-} (You found it on level 2 of the Lair of
                  | Beasts)
 15320 | Lair:3   | Reached XP level 12. HP: 82/82 MP: 3/24
 15381 | Lair:3   | Learned a level 6 spell: Conjure Ball Lightning
 16215 | Lair:3   | Noticed Nergalle
 16222 | Lair:3   | Killed Nergalle
 16651 | Lair:3   | Reached skill level 13 in Conjurations
 17474 | Lair:3   | Reached skill level 1 in Shields
 18054 | Lair:4   | Found a runed door.
 18194 | Lair:4   | Reached XP level 13. HP: 90/90 MP: 17/26
 18410 | Lair:4   | Found a sparkling altar of Nemelex Xobeh.
 18430 | Lair:4   | Noticed Sonja
 18441 | Lair:4   | Killed Sonja
 18552 | Lair:4   | Found a staircase to the Snake Pit.
 18586 | Lair:4   | Found a staircase to the Shoals.
 18744 | Lair:4   | Noticed Grum
 18767 | Lair:4   | Killed Grum
 19679 | Lair:5   | Reached skill level 10 in Spellcasting
 19740 | Lair:5   | Bought a tourmaline ring for 175 gold pieces
 19740 | Lair:5   | Bought a fizzy purple potion for 31 gold pieces
 19740 | Lair:5   | Bought a runed scarf for 280 gold pieces
 19740 | Lair:5   | Bought a blackened gilded ring for 175 gold pieces
 19740 | Lair:5   | Bought a scroll of identify for 70 gold pieces
 19832 | Lair:5   | Reached skill level 5 in Shields
 20816 | Lair:6   | Entered Level 6 of the Lair of Beasts
 20816 | Lair:6   | Found a staircase to the Elven Halls.
 20816 | Lair:6   | Noticed Josephine
 20818 | Lair:6   | Killed Josephine
 20962 | Lair:5   | Reached skill level 10 in Air Magic
 21398 | Lair:6   | Reached skill level 14 in Conjurations
 21739 | Lair:6   | Reached XP level 14. HP: 97/97 MP: 21/28
 23774 | D:11     | Reached skill level 15 in Conjurations
 24077 | D:11     | Bought the ring "Pozu" {rElec rF+ rN+ Int+3} for 693 gold
                  | pieces
 24078 | D:11     | Bought a +4 ring of protection for 494 gold pieces
 24197 | D:11     | Noticed Kirke
 24201 | D:11     | Killed Kirke
 24890 | D:11     | Learned a level 5 spell: Freezing Cloud
 24944 | D:11     | Reached skill level 10 in Fighting
 24945 | D:11     | Reached skill level 1 in Ice Magic
 25240 | D:11     | Found a gate to the Vaults.
 25564 | D:11     | Noticed KristoblXynda's ghost (journeyman DrGl)
 25567 | D:11     | Found a runed translucent door.
 26259 | D:12     | Entered Level 12 of the Dungeon
 26261 | D:12     | Found a radiant altar of Vehumet.
 26294 | D:12     | Found a stormy altar of Qazlal.
 26296 | D:12     | Found a gate leading to a gauntlet.
 26569 | Gauntlet | Entered a Gauntlet
 26569 | Gauntlet | Found a transporter.
 26569 | Gauntlet | Found a transporter.
 26574 | Gauntlet | Found a transporter.
 26574 | Gauntlet | Found a transporter.
 26584 | Gauntlet | Found a transporter.
 26584 | Gauntlet | Found a transporter.
 26593 | Gauntlet | Found a transporter.
 26593 | Gauntlet | Found a transporter.
 26624 | Gauntlet | Found a transporter.
 26638 | Gauntlet | Found a transporter.
 26658 | Gauntlet | Found a transporter.
 26672 | Gauntlet | Found a transporter.
 26709 | Gauntlet | Found a transporter.
 26730 | Gauntlet | Found a transporter.
 26823 | Gauntlet | Found a transporter.
 26838 | Gauntlet | Found a transporter.
 27030 | Gauntlet | Reached XP level 15. HP: 71/103 MP: 27/30
 27129 | Gauntlet | Got a brightly glowing turquoise ring
 27280 | D:12     | Identified a scroll of acquirement
 27280 | D:12     | Identified the +10 glaive of a Billion Serpents {chop,
                  | Str+4} (You acquired it on level 12 of the Dungeon)
 27280 | D:12     | Identified the scarf of Gravitas {rC+ rF+, rCorr} (You
                  | acquired it on level 12 of the Dungeon)
 27280 | D:12     | Identified the ring "Tuocituets" {rF+ rC+ Int+3 Dex-5} (You
                  | acquired it on level 12 of the Dungeon)
 27280 | D:12     | Identified TheWayOfAllFlesh's Handbook of Damaging Hexes
                  | (You acquired it on level 12 of the Dungeon)
 27287 | D:12     | Identified the ring of Moodiness {*Drain rElec MR++ Int-4
                  | Stlth--} (You found it in a Gauntlet)
 27294 | D:12     | Noticed Nessos
 27298 | D:12     | Killed Nessos
 27599 | D:12     | Reached skill level 5 in Ice Magic
 27858 | D:12     | Found a staircase to the Depths.
 27888 | D:12     | Got a glittering granite ring
 28536 | D:12     | Found Noickudgh's Food Shoppe.
 28594 | D:12     | Bought a ration for 70 gold pieces
 28594 | D:12     | Bought a ration for 70 gold pieces
 28594 | D:12     | Bought a ration for 70 gold pieces
 28594 | D:12     | Bought a ration for 70 gold pieces
 28594 | D:12     | Bought a ration for 70 gold pieces
 28594 | D:12     | Bought a ration for 70 gold pieces
 28594 | D:12     | Bought a ration for 70 gold pieces
 28594 | D:12     | Bought a ration for 70 gold pieces
 28843 | Depths:1 | Entered Level 1 of the Depths
 28904 | Depths:1 | Noticed a frost giant
 28911 | Depths:1 | Noticed a sphinx
 28912 | Depths:1 | Killed a frost giant
 29173 | D:8      | Found a staircase to the Orcish Mines.
 29241 | Orc      | Entered the Orcish Mines
 29491 | Orc      | Noticed Azrael
 29564 | D:8      | Killed Azrael
 29690 | Orc      | Noticed Snorg
 29694 | Orc      | Killed Snorg
 30241 | Orc      | Identified the ring "Netad" {+Fly rF+} (You found it on
                  | level 12 of the Dungeon)
 30383 | Orc      | Found Luyseotom's Distillery.
 30586 | Orc      | Found a runed door.
 30586 | Orc      | Found a viscous altar of Jiyva.
 30587 | Orc      | Found a staircase to the Slime Pits.
 31001 | Orc      | Found Hoedos's Armour Emporium.
 31002 | Orc      | Found Heerun's Book Shop.
 31002 | Orc      | Found Agefiti's Jewellery Shop.
 31025 | Orc      | Bought 2 potions of magic for 110 gold pieces
 31025 | Orc      | Bought a potion of invisibility for 88 gold pieces
 31025 | Orc      | Bought a potion of agility for 44 gold pieces
 31025 | Orc      | Bought a potion of cancellation for 55 gold pieces
 31025 | Orc      | Bought a potion of resistance for 110 gold pieces
 31025 | Orc      | Bought a potion of haste for 110 gold pieces
 31232 | Snake:1  | Entered Level 1 of the Snake Pit
 31236 | Snake:1  | Found Tigeih's Magic Scroll Shoppe.
 31239 | Snake:1  | Noticed a nagaraja
 31380 | Snake:1  | Noticed a nagaraja
 31386 | Snake:1  | Killed a nagaraja
 31387 | Snake:1  | Reached skill level 16 in Conjurations
 31387 | Snake:1  | Reached XP level 16. HP: 110/112 MP: 24/32
 31440 | Snake:1  | Found Ocvyipruge's Armour Shoppe.
 31640 | Snake:1  | Found Xeiserghy's Gadget Boutique.
 31825 | Snake:1  | Killed a nagaraja
 31886 | Snake:1  | Bought a scroll of blinking for 120 gold pieces
 31886 | Snake:1  | Bought a scroll of fear for 80 gold pieces
 31886 | Snake:1  | Bought a scroll of identify for 32 gold pieces
 31886 | Snake:1  | Bought a scroll of identify for 32 gold pieces
 31886 | Snake:1  | Bought a scroll of identify for 32 gold pieces
 31894 | Snake:1  | Found Haregic's Jewellery Shoppe.
 32843 | Snake:2  | Reached skill level 5 in Dodging
 33741 | Snake:1  | Bought the amulet of Vitality {Regen HP+25} for 1063 gold
                  | pieces
 33741 | Snake:1  | Found the amulet of Vitality {Regen HP+25}
 34289 | Snake:3  | Entered Level 3 of the Snake Pit
 34574 | Snake:3  | Noticed a nagaraja
 34686 | Snake:3  | Killed a nagaraja
 35369 | Snake:3  | Reached XP level 17. HP: 88/117 MP: 30/34
 36207 | Snake:3  | Reached skill level 10 in Ice Magic
 37454 | Snake:3  | Reached skill level 10 in Dodging
 37789 | Snake:3  | Got a serpentine rune of Zot
 38092 | Shoals:1 | Entered Level 1 of the Shoals
 38134 | Shoals:1 | Bought a ration for 55 gold pieces
 38134 | Shoals:1 | Bought a ration for 55 gold pieces
 38134 | Shoals:1 | Bought a ration for 55 gold pieces
 38134 | Shoals:1 | Bought a ration for 55 gold pieces
 38134 | Shoals:1 | Bought a ration for 55 gold pieces
 38134 | Shoals:1 | Bought a ration for 55 gold pieces
 38134 | Shoals:1 | Bought a ration for 55 gold pieces
 38134 | Shoals:1 | Bought a ration for 55 gold pieces
 38134 | Shoals:1 | Bought a ration for 55 gold pieces
 38865 | Shoals:1 | Reached XP level 18. HP: 125/125 MP: 20/36
 40853 | Shoals:3 | Entered Level 3 of the Shoals
 41512 | Shoals:3 | Identified the Papyrus of Flames
 41630 | Shoals:3 | Reached skill level 10 in Shields
 41900 | Shoals:3 | Identified the +5 long sword of Defilement {drain, *Drain
                  | MR+++ Str+5}
 42017 | Shoals:3 | Identified the cursed +3 morningstar of Bloody Death
                  | {freeze, rF+ Str-4 Dex+4}
 42195 | Shoals:3 | Got a barnacled rune of Zot
 42660 | D:11     | Killed KristoblXynda's ghost
 42661 | D:11     | Reached skill level 17 in Conjurations
 42789 | Vaults:1 | Entered Level 1 of the Vaults
 42801 | Vaults:1 | Reached skill level 15 in Spellcasting
 43179 | Vaults:1 | Found Mufiow's Assorted Antiques.
 43202 | Vaults:1 | Bought a scroll labeled NEM QAKLERASSE for 25 gold pieces
 43524 | Vaults:1 | Reached XP level 19. HP: 120/133 MP: 9/38
 46282 | Vaults:2 | Noticed a lich
 46289 | Vaults:2 | Killed a lich
 46866 | Vaults:2 | Found a staircase to the Crypt.
 47012 | Vaults:2 | Reached XP level 20. HP: 142/142 MP: 22/39
 47449 | Vaults:3 | Entered Level 3 of the Vaults
 47472 | Vaults:3 | Reached skill level 5 in Fire Magic
 48169 | Depths:1 | HP: 8/168 [centaur warrior/arrow (17)]
 48225 | D:12     | Learned a level 8 spell: Ignition
 48231 | Depths:1 | Reached skill level 1 in Hexes
 48863 | Depths:1 | Found Rerhoomige's Gadget Emporium.
 48868 | Depths:1 | Found Tegysumn's Jewellery Shop.
 48869 | Depths:1 | Found Gunkoch's Gadget Emporium.
 49019 | Depths:1 | Found a gateway to Hell.
 49326 | Depths:1 | Identified Thaumaturgy, Part Six
 49404 | Depths:1 | Found a one-way gate leading to the halls of Pandemonium.
 50154 | Depths:3 | Reached skill level 5 in Hexes
 50735 | Depths:3 | Reached skill level 10 in Fire Magic
 50802 | Depths:2 | Noticed a rockslime
 51014 | Depths:2 | Noticed Saint Roka
 51030 | Depths:2 | Killed Saint Roka
 51031 | Depths:2 | Reached XP level 21. HP: 39/148 MP: 18/41
 51300 | Depths:2 | Killed a rockslime
 51459 | Depths:2 | Noticed an ancient lich
 51460 | Depths:2 | Found a gateway to a ziggurat.
 51460 | Depths:2 | Noticed an ancient lich
 51776 | Depths:2 | Noticed a rockslime
 51799 | Depths:2 | Annihilated by a rockslime

Skill      XL: |  1  2  3  4  5  6  7  8  9 10 11 12 13 14 15 16 17 18 19 20 21 |
---------------+----------------------------------------------------------------+-----
Conjurations   | 2 3 4 6 8 11 12 13 14 15 16 17 | 17.0
Poison Magic   | 1 2 3 4 |  4.0
Air Magic      | 1 2 3 4 6 9 10 | 10.1
Spellcasting   | 4 5 6 7 8 9 10 11 12 13 14 15 16 | 16.0
Summonings     | 2 3 4 |  4.0
Translocations | 2 3 4 |  4.0
Fire Magic     | 1 3 4 10 | 10.9
Fighting       | 3 5 6 7 9 10 11 12 13 14 | 14.0
Evocations     | 3 4 |  4.0
Shields        | 2 6 7 8 11 13 14 | 14.0
Ice Magic      | 3 8 9 10 | 10.0
Dodging        | 3 8 10 | 10.3
Hexes          | 6 7 |  7.3
Stealth        | |  3.0

Action                   |  1- 3 |  4- 6 |  7- 9 | 10-12 | 13-15 | 16-18 | 19-21 || total
-------------------------+-------+-------+-------+-------+-------+-------+-------++-------
Melee: Dagger            |     7 |    38 |   108 |       |       |       |       ||   153
       Staff             |     5 |       |       |       |       |       |    12 ||    17
       Tentacles         |     3 |     4 |    23 |    14 |    11 |     1 |     4 ||    60
       Constrict         |     2 |    15 |    33 |    11 |    11 |     3 |     2 ||    77
       Trident           |       |       |    51 |       |       |       |       ||    51
       Flail             |       |       |       |    74 |    35 |     5 |     4 ||   118
 Cast: Magic Dart        |    74 |   110 |   202 |   160 |    17 |       |       ||   563
       Call Imp          |       |    10 |    24 |    37 |     9 |     4 |     1 ||    85
       Mephitic Cloud    |       |     2 |    28 |    32 |    20 |       |       ||    82
       Conjure Flame     |       |     2 |    22 |    55 |    19 |       |    11 ||   109
       Blink             |       |       |     1 |    11 |     3 |     2 |     7 ||    24
       Stone Arrow       |       |       |       |   138 |   440 |   557 |   316 ||  1451
       Conjure Ball Ligh |       |       |       |    10 |    56 |    20 |    75 ||   161
       Summon Butterflie |       |       |       |       |     3 |    13 |       ||    16
       Freezing Cloud    |       |       |       |       |    35 |   175 |    65 ||   275
       Orb of Destructio |       |       |       |       |    15 |    24 |    53 ||    92
Invok: Call Merchant     |       |       |       |       |     2 |     1 |       ||     3
       Potion Petition   |       |       |       |       |     2 |       |     1 ||     3
Evoke: Wand              |       |       |     3 |     3 |     1 |     6 |     7 ||    20
       Phantom mirror    |       |       |       |       |     1 |       |       ||     1
       Lightning rod     |       |       |       |       |       |       |     2 ||     2
  Use: Scroll            |       |    10 |     8 |     5 |    12 |     1 |     4 ||    40
       Potion            |       |       |       |       |     2 |       |     1 ||     3
 Stab: Sleeping          |     3 |       |       |     1 |     1 |       |     1 ||     6
       Confused          |       |       |     2 |     6 |       |       |       ||     8
  Eat: Chunk             |     2 |    12 |    22 |       |     1 |       |       ||    37
       Ration            |       |       |     3 |    11 |    21 |    18 |    11 ||    64
Armor: Skin              |     1 |     6 |    18 |    26 |    52 |    83 |    45 ||   231
Dodge: Dodged            |     9 |    67 |   115 |    97 |   134 |   212 |   141 ||   775
Block: Buckler           |       |       |       |    10 |   102 |   154 |   123 ||   389
